[Event "Team 45 45 League T60"]
[Site "Internet Chess Club"]
[Date "2014.03.08"]
[Round "2"]
[White "Greedy-Reedy"]
[Black "fledermaus"]
[Result "0-1"]
[WhiteElo "1978"]
[BlackElo "1989"]
[Opening "Sicilian: Alapin's variation (2.c3)"]
[ECO "B22"]
[Time "12:07:34"]
[TimeControl "2700+45"]

1. e4 c5 2. c3 d5 3. exd5 Qxd5 4. d4 Nf6 5. Nf3 Bg4 6. Nbd2 e6 7. Qa4+ Nbd7 8.
Bc4 Qd6 9. Bb5 Bxf3 10. Nxf3 a6 11. Ne5 Rd8 12. Bxd7+ Nxd7 13. Bf4 b5 14. Qc2
Nxe5 15. Bxe5 Qc6 16. O-O-O f6 17. Bf4 Bd6 18. Bxd6 Rxd6 19. dxc5 Qxc5 20. Qe4
O-O 21. Rxd6 Qxd6 22. Rd1 Qb6 23. Qd4 Qc6 24. f3 Rc8 25. Qd6 h6 26. Qxc6 Rxc6
27. Rd7 Kh7 28. Kd2 Kg6 29. Kd3 h5 30. g3 e5 31. Ke4 b4 32. Kd5 bxc3 33. bxc3
Rxc3 34. Rb7 Ra3 35. Rb2 Kf5 36. Kc5 Ra5+ 37. Kb6 Ra3 38. Kc5 Ra5+ 39. Kb6 Ra4
40. Rd2 g5 41. Rc2 h4 42. Rd2 hxg3 43. hxg3 g4 44. Rf2 gxf3 45. Rxf3+ Kg5 46. a3
f5 47. Re3 e4 48. Kc5 f4 49. gxf4+ Kxf4 50. Rh3 Ra5+ 51. Kd4 Ra4+ 52. Kc5 Kg4
53. Re3 Kf5 54. Rh3 Ke5 55. Rg3 Ra5+ 56. Kb6 Kf4 57. Rh3 Rd5 58. Kxa6 e3 59.
Rh4+ Kf3 60. Rh3+ Ke4 61. Rh4+ Kd3 62. a4 Rd4 63. Rh8 Rxa4+ 64. Kb5 Re4 65. Ra8
e2 66. Ra3+ Kc2 {White resigns} 0-1

[Event "Team 45 45 League T60"]
[Site "Internet Chess Club"]
[Date "2014.03.11"]
[Round "2"]
[White "jonesey"]
[Black "IshanR"]
[Result "1/2-1/2"]
[WhiteElo "1881"]
[BlackElo "1815"]
[Opening "Four knights: Spanish, classical defense"]
[ECO "C48"]
[Time "04:10:19"]
[TimeControl "2700+45"]

1. e4 e5 2. Nf3 Nc6 3. Nc3 Nf6 4. Bb5 Bc5 5. O-O d6 6. d4 exd4 7. Nxd4 Bd7 8.
Bxc6 bxc6 9. Bg5 Qe7 10. Qd3 Bxd4 11. Qxd4 Qe5 12. Qxe5+ dxe5 {Game drawn by
mutual agreement} 1/2-1/2

[Event "Team 45 45 League T60"]
[Site "Internet Chess Club"]
[Date "2014.03.09"]
[Round "2"]
[White "jrobic7"]
[Black "RubberDuck"]
[Result "1/2-1/2"]
[WhiteElo "1755"]
[BlackElo "1873"]
[Opening "Sicilian: Sozin, not Scheveningen"]
[ECO "B57"]
[Time "09:11:03"]
[TimeControl "2700+45"]

1. e4 c5 2. Nf3 d6 3. d4 cxd4 4. Nxd4 Nf6 5. Nc3 Nc6 6. Bc4 Bd7 7. O-O g6 8. Be3
Bg7 9. Bb3 O-O 10. h3 a6 11. f4 e5 12. Nf3 Be6 13. Bxe6 fxe6 14. fxe5 Nxe5 15.
Nxe5 dxe5 16. Qxd8 Raxd8 17. Rad1 Rxd1 18. Rxd1 Rc8 19. Bg5 Kf7 20. Bxf6 Kxf6
21. Rd7 b5 22. Rd6 Kg5 23. Rxe6 b4 24. Nd5 Rxc2 25. Rxa6 Rxb2 26. Ra8 h5 27. Rg8
Kh6 28. Ra8 {Game drawn by mutual agreement} 1/2-1/2

[Event "Team 45 45 League T60"]
[Site "Internet Chess Club"]
[Date "2014.03.08"]
[Round "2"]
[White "gcl"]
[Black "kabindra"]
[Result "1-0"]
[WhiteElo "1721"]
[BlackElo "1833"]
[Opening "Sicilian: closed"]
[ECO "B23"]
[Time "12:00:49"]
[TimeControl "2700+45"]

1. e4 c5 2. Nc3 d6 3. f4 e6 4. Nf3 a6 5. a4 Nc6 6. Bc4 Bd7 7. O-O Be7 8. d3 Rc8
9. Qe1 Na5 10. Ba2 c4 11. d4 b5 12. axb5 axb5 13. Bb1 Ra8 14. Bd2 Nb7 15. Rxa8
Qxa8 16. Qg3 g6 17. f5 b4 18. Ne2 exf5 19. exf5 Bxf5 20. Bxb4 Qd8 21. Bd2 Nf6
22. Bh6 Ng4 23. Qh3 Ne3 24. Qg3 Nxf1 25. Kxf1 Bf8 26. Bg5 f6 27. Bd2 Bg7 28. Ba2
d5 29. Bb4 Kf7 30. b3 Qb8 31. Qf2 Qa8 32. Nc3 Rc8 33. g4 Bxg4 34. Ne5+ Kg8 35.
Nxg4 cxb3 36. Bxb3 Qa6+ 37. Kg2 Kh8 38. Nxd5 Qb5 39. Be7 f5 40. Ne5 Na5 41.
Nxg6+ {Black resigns} 1-0

[Event "Team 45 45 League T60"]
[Site "Internet Chess Club"]
[Date "2014.03.08"]
[Round "2"]
[White "fhunfi"]
[Black "chess9397"]
[Result "1-0"]
[WhiteElo "2028"]
[BlackElo "1764"]
[Opening "Center game: Berger variation"]
[ECO "C22"]
[Time "15:33:52"]
[TimeControl "2700+45"]

1. e4 e5 2. d4 exd4 3. Qxd4 Nc6 4. Qe3 Nf6 5. Nc3 Bb4 6. Bd2 Qe7 7. O-O-O O-O 8.
Nge2 Bc5 9. Qf4 d6 10. h3 Ne5 11. Ng3 h6 12. Nf5 Bxf5 13. Qxf5 g6 14. Qf4 g5 15.
Qf5 Nh5 16. h4 Ng7 17. Qh3 g4 18. Qh2 Qf6 19. Be2 Bxf2 20. Nd5 Qd8 21. Qf4 g3
22. Nf6+ Qxf6 23. Qxf6 Bd4 24. Qxh6 f6 25. Rdf1 Nf7 26. Qg6 Ne5 27. Qxg3 {Black
resigns} 1-0

[Event "Team 45 45 League T60"]
[Site "Internet Chess Club"]
[Date "2014.03.06"]
[Round "2"]
[White "DouDou"]
[Black "RamRock"]
[Result "1-0"]
[WhiteElo "1859"]
[BlackElo "1777"]
[Opening "Caro-Kann: classical, Spassky variation"]
[ECO "B19"]
[Time "23:34:30"]
[TimeControl "2700+45"]

1. e4 c6 2. d4 d5 3. Nc3 dxe4 4. Nxe4 Bf5 5. Ng3 Bg6 6. h4 h6 7. Nf3 Nd7 8. h5
Bh7 9. Bd3 Bxd3 10. Qxd3 e6 11. Bd2 Ngf6 12. O-O-O Qc7 13. Ne4 Nxe4 14. Qxe4 Nf6
15. Qe2 Bd6 16. Kb1 O-O-O 17. Ne5 Bxe5 18. dxe5 Nd5 19. g3 Rd7 20. a3 Rhd8 21.
Rh4 Qb6 22. Ka2 Kb8 23. Ra4 Qb5 24. Qxb5 cxb5 25. Rd4 Nb4+ 26. Rxb4 Rxd2 27.
Rxd2 Rxd2 28. Rf4 Re2 29. Rxf7 Rxe5 30. Rxg7 Rxh5 31. g4 Rg5 32. Rxg5 hxg5 33.
Kb3 Kc7 34. c4 bxc4+ 35. Kxc4 Kd6 36. Kd4 e5+ 37. Ke4 Ke6 38. a4 b6 39. b4 a6
40. b5 axb5 41. axb5 Kd6 42. Kf5 {Black resigns} 1-0

[Event "Team 45 45 League T60"]
[Site "Internet Chess Club"]
[Date "2014.03.08"]
[Round "2"]
[White "Lumumba"]
[Black "hood"]
[Result "1/2-1/2"]
[WhiteElo "1628"]
[BlackElo "1812"]
[Opening "King's Indian: Torre attack"]
[ECO "A48"]
[Time "11:35:21"]
[TimeControl "2700+45"]

1. d4 Nf6 2. Nf3 g6 3. Bg5 Bg7 4. Nbd2 d5 5. c3 Bf5 6. Qb3 b6 7. e3 O-O 8. Be2
Re8 9. O-O Nbd7 10. Bb5 Be6 11. Ne5 c5 12. Qa4 a6 13. Bc6 b5 14. Qa3 Ra7 15.
Bxf6 Bxf6 16. Bxd7 Bxd7 17. Qxc5 Ra8 18. Qxd5 Bxe5 19. Qxe5 e6 20. Nf3 f6 21.
Qg3 Bc6 22. Rfe1 Bxf3 23. Qxf3 Ra7 24. Rad1 Rd7 25. e4 Kf7 26. d5 exd5 27. e5 f5
28. Qe3 Kg8 29. f4 Qe7 30. Rd4 Qe6 31. Red1 Red8 32. Qd3 Kf8 33. a4 Qb6 34. axb5
axb5 35. Kf1 Qc6 36. Ra1 Ke7 37. Ra5 Rb8 38. Ra1 Ke6 39. Ke2 Rbd8 {Game drawn by
mutual agreement} 1/2-1/2

[Event "Team 45 45 League T60"]
[Site "Internet Chess Club"]
[Date "2014.03.08"]
[Round "2"]
[White "joebobpop"]
[Black "hewdondada"]
[Result "1/2-1/2"]
[WhiteElo "1867"]
[BlackElo "1713"]
[Opening "Scandinavian (center counter) defense"]
[ECO "B01"]
[Time "12:01:42"]
[TimeControl "2700+45"]

1. e4 d5 2. exd5 Qxd5 3. Nc3 Qa5 4. Nf3 c6 5. Bc4 Bf5 6. d3 Nf6 7. Bd2 Qc7 8.
O-O e6 9. Re1 Bd6 10. Ne4 Be7 11. Ng3 Bg6 12. Bc3 Nbd7 13. Qd2 O-O 14. Ne5 Nxe5
15. Bxe5 Bd6 16. Bxf6 gxf6 17. Qh6 Bf4 18. Qh4 Bg5 19. Qd4 b5 20. Bb3 c5 21. Qg4
Qf4 22. Qxf4 Bxf4 23. Ne4 Bxe4 24. Rxe4 e5 25. g3 Bg5 26. h4 Bh6 27. Rae1 Rad8
28. a4 a6 29. axb5 axb5 30. Ra1 Ra8 31. Rg4+ Kh8 32. Rxa8 Rxa8 33. Re4 Kg7 34.
Bd5 Ra4 35. Rxa4 bxa4 36. Bc6 Bc1 37. Bxa4 Bxb2 38. Kg2 f5 39. Kf3 f6 40. h5 Kh6
41. g4 Kg5 42. gxf5 Kxh5 43. Bd7 Kg5 44. Kg3 h5 45. f3 Bc3 46. Kh3 Be1 47. Be8
h4 48. Bd7 Kf4 49. Kg2 Ke3 50. Be6 {Game drawn by mutual agreement} 1/2-1/2

[Event "Team 45 45 League T60"]
[Site "Internet Chess Club"]
[Date "2014.03.10"]
[Round "2"]
[White "Cryptochess"]
[Black "steadman"]
[Result "1/2-1/2"]
[WhiteElo "2117"]
[BlackElo "2168"]
[Opening "French: Winawer, advance variation"]
[ECO "C18"]
[Time "15:28:06"]
[TimeControl "2700+45"]

1. e4 e6 2. d4 d5 3. Nc3 Bb4 4. e5 c5 5. a3 Bxc3+ 6. bxc3 Nc6 7. Qg4 g6 8. Nf3
Qa5 9. Bd2 Qa4 10. Ra2 Bd7 11. Be2 h6 12. O-O c4 {Game drawn by mutual
agreement} 1/2-1/2

[Event "Team 45 45 League T60"]
[Site "Internet Chess Club"]
[Date "2014.03.08"]
[Round "2"]
[White "jjmolina"]
[Black "Nb4"]
[Result "1/2-1/2"]
[WhiteElo "1832"]
[BlackElo "1976"]
[Opening "Caro-Kann: classical, 6.h4"]
[ECO "B18"]
[Time "15:22:57"]
[TimeControl "2700+45"]

1. e4 c6 2. d4 d5 3. Nc3 dxe4 4. Nxe4 Bf5 5. Ng3 Bg6 6. h4 h6 7. h5 Bh7 8. Nf3
Nd7 9. Bd3 Bxd3 10. Qxd3 e6 11. Bf4 Qa5+ 12. Bd2 Bb4 13. c3 Be7 14. c4 Qc7 15.
O-O-O Ngf6 16. Kb1 O-O 17. Rhe1 Rfd8 18. Qe2 a5 19. Ne5 Nxe5 20. dxe5 Nd7 21.
Bc3 a4 22. f4 Nc5 23. Ne4 Nxe4 24. Qxe4 b5 25. cxb5 cxb5 26. Rxd8+ Rxd8 27. Rc1
Qb6 28. a3 Rd5 29. Bb4 Bxb4 30. axb4 Qb7 31. f5 exf5 32. Qxf5 Qe7 33. Rc8+ Rd8
34. Rxd8+ Qxd8 35. e6 Qd1+ {Game drawn by mutual agreement} 1/2-1/2

[Event "Team 45 45 League T60"]
[Site "Internet Chess Club"]
[Date "2014.03.11"]
[Round "2"]
[White "The7thGuest"]
[Black "VictorRed"]
[Result "1-0"]
[WhiteElo "1917"]
[BlackElo "1796"]
[Opening "Philidor: exchange variation"]
[ECO "C41"]
[Time "11:00:15"]
[TimeControl "2700+45"]

1. e4 e5 2. Nf3 d6 3. d4 exd4 4. Nxd4 Nf6 5. Nc3 Be7 6. Nf5 Bxf5 7. exf5 Nc6 8.
Nd5 O-O 9. Be2 Qd7 10. g4 Kh8 11. Be3 Nxd5 12. Qxd5 Bf6 13. O-O-O Nb4 14. Qb3 a5
15. a3 Nc6 16. g5 a4 17. Qd5 Ra5 18. Bb5 Bd8 19. Bxc6 Qxf5 20. Qxf5 Rxf5 21. Bd7
Re5 22. h4 f5 23. Bd4 Re4 24. Kb1 c5 25. Bc3 Bc7 26. h5 Kg8 27. h6 g6 28. f3 Re7
29. Bxa4 Ra8 30. Bb3+ Kf8 31. Bg7+ Ke8 32. Rhe1 {Black resigns} 1-0

[Event "Team 45 45 League T60"]
[Site "Internet Chess Club"]
[Date "2014.03.09"]
[Round "2"]
[White "Baseta"]
[Black "LazyPeon"]
[Result "0-1"]
[WhiteElo "1818"]
[BlackElo "1904"]
[Opening "Neo-Grünfeld, 6.cd Nxd5, 7.O-O Nb6"]
[ECO "D76"]
[Time "15:00:44"]
[TimeControl "2700+45"]

1. Nf3 Nf6 2. c4 g6 3. g3 Bg7 4. Bg2 d5 5. cxd5 Nxd5 6. d4 Nb6 7. O-O O-O 8. Nc3
Nc6 9. e3 Re8 10. h3 Bd7 11. e4 e5 12. dxe5 Nxe5 13. Nxe5 Bxe5 14. f4 Bg7 15. e5
Bc6 16. Bxc6 bxc6 17. Qf3 Qd7 18. Kg2 Rad8 19. Rd1 Qf5 20. Rxd8 Rxd8 21. Ne4 Rd4
22. Nf6+ Bxf6 23. exf6 Qxf6 24. Be3 Rd3 25. Re1 Qxb2+ 26. Re2 Qc3 27. Kf2 Nd5
28. Qe4 Rxe3 29. Rxe3 Qxe3+ 30. Qxe3 Nxe3 31. Kxe3 Kf8 32. Kd4 Ke7 33. Ke5 f6+
34. Kd4 Kd6 35. g4 c5+ 36. Kc4 a6 37. h4 f5 38. gxf5 gxf5 39. h5 h6 40. a4 Kc6
41. a5 Kd6 42. Kc3 Kd5 43. Kd3 c4+ 44. Kc3 Kc5 {White resigns} 0-1

[Event "Team 45 45 League T60"]
[Site "Internet Chess Club"]
[Date "2014.03.08"]
[Round "2"]
[White "CuatroPrincesas"]
[Black "chess9793"]
[Result "1-0"]
[WhiteElo "2216"]
[BlackElo "2142"]
[Opening "Sicilian: accelerated fianchetto, Maróczy bind, 5...Bg7"]
[ECO "B37"]
[Time "16:00:57"]
[TimeControl "2700+45"]

1. e4 c5 2. Nf3 Nc6 3. d4 cxd4 4. Nxd4 g6 5. c4 Bg7 6. Nc2 Nf6 7. Nc3 O-O 8. Be2
d6 9. O-O Nd7 10. Bd2 a5 11. Na3 Nc5 12. Nab5 a4 13. Be3 a3 14. b3 Na7 15. Nd4
Qa5 16. Qd2 Nc6 17. Rfd1 f5 18. exf5 Bxf5 19. Rac1 Ne4 20. Nxe4 Bxe4 21. Qxa5
Rxa5 22. Ne6 Bb2 23. Nxf8 Kxf8 24. f3 Bf5 25. g4 Bxc1 26. Rxc1 Be6 27. Kf2 Ra8
28. Bd2 Ke8 29. Bc3 Kd7 30. f4 Rf8 31. Ke3 Rf7 32. Rh1 h6 33. h4 Rh7 34. h5 gxh5
35. Rxh5 Bf7 36. Rb5 h5 37. Bd3 Rh6 38. Bf5+ Kc7 39. g5 Rg6 40. Bxg6 Bxg6 41. f5
Be8 42. g6 e5 43. Ba5+ Kc8 44. Bc3 Ne7 45. Ke4 Bxb5 46. cxb5 Kd7 47. Be1 Nxg6
48. fxg6 Ke6 49. Bh4 d5+ 50. Kd3 b6 51. Kc3 {Black resigns} 1-0

[Event "Team 45 45 League T60"]
[Site "Internet Chess Club"]
[Date "2014.03.09"]
[Round "2"]
[White "chessfan"]
[Black "f5"]
[Result "0-1"]
[WhiteElo "1880"]
[BlackElo "2153"]
[Opening "Sicilian: Nimzovich-Rossolimo attack (with ...g6, without ...d6)"]
[ECO "B31"]
[Time "22:00:26"]
[TimeControl "2700+45"]

1. e4 c5 2. Nf3 Nc6 3. Bb5 g6 4. c3 Nf6 5. Qe2 Bg7 6. d4 cxd4 7. cxd4 d5 8. e5
Ne4 9. O-O O-O 10. Bxc6 bxc6 11. Nbd2 Qb6 12. Rd1 Ba6 13. Qe3 f5 14. exf6 exf6
15. Nxe4 Rae8 16. Nxf6+ Bxf6 17. Ne5 Bxe5 18. dxe5 Rxe5 19. Qxb6 axb6 20. Bh6
Rfe8 21. Rac1 c5 22. f4 Re2 23. Rxd5 Bb7 24. Rg5 Rxb2 25. f5 Ree2 26. Rd1 Kf7
27. fxg6+ hxg6 28. a4 Bxg2 29. a5 Be4 30. Rg4 bxa5 31. Rf4+ Ke6 32. Bg7 Rbc2 33.
Rf6+ Ke7 34. Rf4 Bc6 {White resigns} 0-1

[Event "Team 45 45 League T60"]
[Site "Internet Chess Club"]
[Date "2014.03.09"]
[Round "2"]
[White "LiangLiang"]
[Black "zap2"]
[Result "1-0"]
[WhiteElo "1816"]
[BlackElo "1742"]
[Opening "Caro-Kann: Steinitz variation"]
[ECO "B17"]
[Time "12:29:06"]
[TimeControl "2700+45"]

1. e4 c6 2. d4 d5 3. Nc3 dxe4 4. Nxe4 Nd7 5. Nf3 Ngf6 6. Nxf6+ Nxf6 7. Be2 Bg4
8. O-O e6 9. Be3 Qc7 10. h3 Bh5 11. Qd2 Nd5 12. c3 Bd6 13. a4 Nf4 14. Bxf4 Bxf4
15. Qc2 O-O 16. Rfe1 Rfd8 17. Rad1 Rac8 18. Nd2 Bg6 19. Bd3 Bxd3 20. Qxd3 c5 21.
g3 Bxd2 22. Qxd2 cxd4 23. cxd4 Qc2 24. Qb4 Qf5 25. Rd2 Rc7 26. Kh2 Rdc8 27. Re5
Qf3 28. Rc5 h5 29. Rdc2 Rxc5 30. dxc5 Qd1 31. Rd2 Qc1 32. Qxb7 Qxc5 33. b4 Qc7
34. Rd7 Qxb7 35. Rxb7 Rc4 36. a5 Kf8 37. b5 Rb4 38. a6 e5 39. b6 axb6 40. a7 Ra4
41. Rb8+ Ke7 42. a8=Q Rxa8 43. Rxa8 Kd6 44. Kg2 b5 45. Kf1 Kc5 46. Ke2 Kc4 47.
Kd2 Kb3 48. Kc1 e4 49. Ra7 b4 50. Kb1 Kc3 51. Rxf7 g5 52. Rf5 h4 53. Rxg5 hxg3
54. Rxg3+ Kd2 55. h4 Ke1 56. Re3+ Kxf2 57. Rxe4 {Black resigns} 1-0

[Event "Team 45 45 League T60"]
[Site "Internet Chess Club"]
[Date "2014.03.05"]
[Round "2"]
[White "gump12345"]
[Black "yummy2"]
[Result "0-1"]
[WhiteElo "2042"]
[BlackElo "2365"]
[Opening "Caro-Kann: Tartakower (fantasy) variation"]
[ECO "B12"]
[Time "22:01:36"]
[TimeControl "2700+45"]

1. e4 c6 2. d4 d5 3. f3 Qb6 4. Nc3 dxe4 5. fxe4 e5 6. Nf3 exd4 7. Nxd4 Bc5 8.
Na4 Qa5+ 9. c3 Be7 10. b4 Qc7 11. Bd3 Nf6 12. O-O O-O 13. Nb2 Ng4 14. g3 Bf6 15.
Nc4 Ne5 16. Bf4 Nbd7 17. Nf3 b5 18. Ncxe5 Nxe5 19. Nxe5 Bxe5 20. Qe2 a5 21. Rac1
Be6 22. Bxe5 Qxe5 23. a3 axb4 24. axb4 Ra3 25. Qe3 h6 26. Be2 Re8 27. Bf3 Bd5
28. Qc5 Bc4 29. Qxe5 Rxe5 30. Rfd1 c5 31. bxc5 Rxc5 32. Rd2 Re5 33. Kf2 Rc5 34.
h4 Be6 35. Rb2 g5 36. hxg5 hxg5 37. Be2 Bd7 38. Rcb1 Rcxc3 39. Bxb5 Rf3+ 40. Ke2
Bg4 41. Kd2 Rxg3 42. Rc2 Rg2+ 43. Kc1 Rg1+ 44. Kb2 Rxb1+ 45. Kxb1 Rb3+ 46. Rb2
Rxb2+ 47. Kxb2 Bf3 48. Kc3 Bxe4 49. Kd4 Bg6 50. Ke3 Kg7 51. Bc4 f5 {White
resigns} 0-1

[Event "Team 45 45 League T60"]
[Site "Internet Chess Club"]
[Date "2014.03.09"]
[Round "2"]
[White "CuatroPrincesas"]
[Black "xwang1"]
[Result "1-0"]
[WhiteElo "2228"]
[BlackElo "2113"]
[Opening "Sicilian: Kan, 5.Nc3"]
[ECO "B43"]
[Time "17:03:45"]
[TimeControl "2700+45"]

1. e4 c5 2. Nf3 e6 3. d4 cxd4 4. Nxd4 a6 5. Nc3 b5 6. Bd3 Qb6 7. Nf3 Qc7 8. O-O
Bb7 9. Bd2 Nf6 10. Qe2 Be7 11. e5 Nd5 12. a4 Nxc3 13. Bxc3 b4 14. Bd2 Nc6 15.
Rfe1 a5 16. Qe4 Ba6 17. Qg4 g6 18. Bh6 Bxd3 19. cxd3 Bf8 20. Qf4 d5 21. Rac1 Qd7
22. Bxf8 Kxf8 23. Rc5 h6 24. Rec1 Ra6 25. Qf6 Rh7 26. Nd4 Nd8 27. Rc8 Ke8 28.
R1c7 {Black resigns} 1-0

[Event "Team 45 45 League T60"]
[Site "Internet Chess Club"]
[Date "2014.03.09"]
[Round "2"]
[White "Happybear"]
[Black "RRK"]
[Result "0-1"]
[WhiteElo "1890"]
[BlackElo "2062"]
[Opening "Sicilian: closed, 6.Be3"]
[ECO "B26"]
[Time "13:02:19"]
[TimeControl "2700+45"]

1. e4 c5 2. Nc3 Nc6 3. g3 g6 4. Bg2 Bg7 5. d3 d6 6. Be3 Nf6 7. h3 O-O 8. Nge2
Bd7 9. O-O Rb8 10. a4 b6 11. f4 a6 12. Qd2 b5 13. axb5 axb5 14. Ra2 b4 15. Na4
Ra8 16. b3 Ne8 17. d4 Nxd4 18. Nxd4 cxd4 19. Bxd4 Bxa4 20. bxa4 Bxd4+ 21. Qxd4
Qa5 22. Rb1 Rb8 23. c3 b3 24. Rab2 e5 25. Qc4 Qa7+ 26. Kh2 exf4 27. gxf4 Qe3 28.
f5 Qf4+ 29. Kh1 gxf5 30. Rxb3 Rxb3 31. Rxb3 Nf6 32. Rb4 Re8 33. Qc6 fxe4 34. a5
Qc1+ 35. Kh2 e3 36. Qxd6 e2 37. Qxf6 e1=Q 38. Rg4+ Kf8 39. Qd6+ Qe7 40. Qh6+
Qxh6 {White resigns} 0-1

[Event "Team 45 45 League T60"]
[Site "Internet Chess Club"]
[Date "2014.03.07"]
[Round "2"]
[White "junard"]
[Black "charles-allen"]
[Result "1-0"]
[WhiteElo "2025"]
[BlackElo "1881"]
[Opening "QGD: exchange, positional line, 6.Qc2"]
[ECO "D36"]
[Time "21:01:27"]
[TimeControl "2700+45"]

1. d4 d5 2. c4 e6 3. cxd5 exd5 4. Nc3 Nf6 5. Bg5 c6 6. Qc2 Be7 7. e3 Nbd7 8. Bd3
Nf8 9. Nf3 Ng6 10. O-O O-O 11. Rab1 Be6 12. b4 Re8 13. b5 c5 14. dxc5 Bxc5 15.
Bxf6 Qxf6 16. Ne2 Rac8 17. Qa4 Ne5 18. Nxe5 Qxe5 19. Rfd1 Qg5 20. Qf4 Qxf4 21.
Nxf4 Bg4 22. Be2 Bf5 23. Rbc1 b6 24. Rxd5 Be4 25. Rd7 Bf5 26. Rdd1 Be4 27. Bf3
Bxf3 28. gxf3 Rcd8 29. Kf1 Kf8 30. Ke2 g5 31. Nd5 Re5 32. Nf6 Rxd1 33. Rxd1 Kg7
34. Nd7 Re7 35. Nxc5 bxc5 36. Rd5 Rc7 37. Kd3 c4+ 38. Kc3 Kf6 39. a4 h6 40. a5
Ke6 41. e4 f6 42. b6 axb6 43. axb6 Rb7 44. Rb5 Kd6 45. Kxc4 Kc6 46. Rf5 Rf7 47.
e5 Kxb6 48. Rxf6+ {Black resigns} 1-0

[Event "Team 45 45 League T60"]
[Site "Internet Chess Club"]
[Date "2014.03.07"]
[Round "2"]
[White "Gater-Nation"]
[Black "Wargasm"]
[Result "1-0"]
[WhiteElo "2015"]
[BlackElo "2200"]
[Opening "Pirc defense"]
[ECO "B07"]
[Time "13:00:37"]
[TimeControl "2700+45"]

1. e4 d6 2. d4 Nf6 3. Nc3 g6 4. h3 Bg7 5. Be3 c6 6. Nge2 b5 7. a3 Nbd7 8. g4 Nb6
9. Bg2 Qc7 10. O-O h5 11. g5 Nfd7 12. f4 Rb8 13. f5 Nc4 14. Bc1 O-O 15. Nf4 Qb6
16. Nce2 Kh7 17. b3 Na5 18. c3 c5 19. Nd5 Qd8 20. Nef4 cxd4 21. cxd4 Nb6 22. f6
exf6 23. Nxh5 Nxd5 24. Nxg7 fxg5 25. Nh5 Nc3 26. Qe1 gxh5 27. Qxc3 f6 28. Bd2
Nb7 29. h4 Bg4 30. hxg5 Rc8 31. g6+ Kg8 32. Qe3 Rc7 33. Qh6 Rg7 34. Rf2 Qe7 35.
Raf1 Qe6 36. Qg5 Bh3 37. Rxf6 Rxf6 38. Rxf6 Qxb3 39. Qf4 {Black resigns} 1-0

[Event "Team 45 45 League T60"]
[Site "Internet Chess Club"]
[Date "2014.03.09"]
[Round "2"]
[White "steadman"]
[Black "Barrett-CCSCSL"]
[Result "1/2-1/2"]
[WhiteElo "2171"]
[BlackElo "2123"]
[Opening "QGD Slav: 3.Nf3"]
[ECO "D11"]
[Time "21:16:51"]
[TimeControl "2700+45"]

1. d4 c6 2. Nf3 d5 3. c4 Nf6 4. Qb3 e6 5. g3 Be7 6. Bg2 O-O 7. O-O Nbd7 8. Nc3
b6 9. Rd1 Bb7 10. Bg5 Rc8 11. Rac1 c5 12. cxd5 c4 13. Qa4 Nxd5 14. Bxe7 Qxe7 15.
Qxa7 Rc7 16. Qa4 Ra8 17. Qc2 Nxc3 18. bxc3 Qa3 19. Ra1 b5 20. Rdb1 Ra5 21. Nd2
Bxg2 22. Kxg2 Nb6 23. e4 Na4 24. Rc1 e5 25. dxe5 Rd7 26. Nb3 Ra8 27. Nd4 Nxc3
28. Qxc3 Qxc3 29. Rxc3 Rxd4 30. Rb1 Rxa2 31. Rxb5 h6 32. Rc5 Rxe4 33. R3xc4 Ree2
34. Rf4 Ra7 35. h4 Re7 36. Rc8+ Kh7 37. Rf8 R2xe5 38. R8xf7 Rxf7 39. Rxf7 Kg6
40. Ra7 Re6 41. h5+ Kf6 42. g4 Rb6 43. Kg3 Rc6 44. f3 Rd6 {Game drawn by mutual
agreement} 1/2-1/2

[Event "Team 45 45 League T60"]
[Site "Internet Chess Club"]
[Date "2014.03.06"]
[Round "2"]
[White "f5"]
[Black "Pomberito"]
[Result "0-1"]
[WhiteElo "2147"]
[BlackElo "2161"]
[Opening "Sicilian: closed, 6.f4"]
[ECO "B25"]
[Time "19:42:48"]
[TimeControl "2700+45"]

1. e4 c5 2. Nc3 Nc6 3. g3 g6 4. Bg2 Bg7 5. d3 d6 6. f4 Nf6 7. h3 O-O 8. Be3 Rb8
9. Qd2 Bd7 10. Nf3 b5 11. O-O b4 12. Nd1 a5 13. g4 Ne8 14. f5 Qb6 15. Qf2 Nd4
16. Rc1 a4 17. Kh1 Bb5 18. Ne1 Qa6 19. h4 b3 20. axb3 axb3 21. c3 Nc2 22. c4
Nxe3 23. Nxe3 Bc6 24. Nf3 Nf6 25. g5 Nd7 26. Ng4 f6 27. fxg6 hxg6 28. Ne3 Ne5
29. Qe2 Nxf3 30. Rxf3 fxg5 31. Bh3 Bd4 32. Rg1 Rxf3 33. Qxf3 Rf8 34. Qg3 Qb7 35.
Qxg5 Bxe4+ 36. dxe4 Qxe4+ 37. Bg2 Qxe3 38. Bd5+ Kh8 39. Qxe3 Bxe3 40. Rxg6 Rf1+
41. Kh2 Bd4 42. Rg2 Rb1 43. Kh3 Rxb2 44. Rxb2 Bxb2 45. Kg4 Bf6 46. h5 b2 47. Be4
e6 48. Kf4 Kg7 49. Ke3 Kh6 50. Bg6 Kg5 51. Kd2 Kf4 52. Kc2 Bd4 53. h6 Kg5 54.
Bf7 e5 55. h7 e4 56. Bd5 e3 57. Bf3 Kf4 58. Be2 Kg3 {White resigns} 0-1

[Event "Team 45 45 League T60"]
[Site "Internet Chess Club"]
[Date "2014.03.10"]
[Round "2"]
[White "primerpaso"]
[Black "BigH"]
[Result "0-1"]
[WhiteElo "1925"]
[BlackElo "2103"]
[Opening "English opening"]
[ECO "A16"]
[Time "14:06:44"]
[TimeControl "2700+45"]

1. c4 Nf6 2. Nc3 g6 3. g3 Bg7 4. Bg2 O-O 5. e4 d6 6. Nge2 c5 7. O-O Nc6 8. d3
Rb8 9. f4 a6 10. h3 Ne8 11. Be3 b5 12. Rb1 b4 13. Na4 Bd7 14. b3 Nc7 15. f5 e6
16. fxg6 hxg6 17. Nb2 Nd4 18. Qd2 a5 19. Nxd4 cxd4 20. Bh6 e5 21. Bxg7 Kxg7 22.
c5 dxc5 23. Nc4 f6 24. Nxa5 Nb5 25. Nc4 Nc3 26. Ra1 Be6 27. a4 Bxc4 28. dxc4 d3
29. Rae1 Qd4+ 30. Kh2 Rbd8 31. g4 Ne2 32. Bf3 Nf4 33. Bd1 Rd6 34. Re3 Rfd8 35.
Rf2 g5 36. Kg3 Rh8 37. Kh2 Kg6 38. Rf1 Rd7 39. Rff3 Qd6 40. Kg1 Qe6 41. Rg3 Rd4
42. Kh2 Qc6 43. Bf3 Qb7 44. Bg2 Qd7 45. Rgf3 Qxg4 46. Bf1 Qd7 47. Bxd3 Rd8
{White resigns} 0-1

[Event "Team 45 45 League T60"]
[Site "Internet Chess Club"]
[Date "2014.03.09"]
[Round "2"]
[White "MintyBlue"]
[Black "zigzag2002"]
[Result "1/2-1/2"]
[WhiteElo "2177"]
[BlackElo "1995"]
[Opening "Sicilian: Grand Prix attack"]
[ECO "B23"]
[Time "12:06:12"]
[TimeControl "2700+45"]

1. e4 c5 2. Nc3 Nc6 3. f4 g6 4. Nf3 Bg7 5. Bb5 Nd4 6. O-O Nxb5 7. Nxb5 d5 8. e5
d4 9. c3 a6 10. Na3 Nh6 11. cxd4 cxd4 12. d3 O-O 13. Nc2 Qb6 14. b3 Rd8 15. Bb2
Nf5 16. Qd2 Ne3 17. Rfc1 Nxc2 18. Rxc2 Bg4 19. Qf2 Bxf3 20. Qxf3 Rac8 21. Rac1
Rxc2 22. Rxc2 e6 23. Ba3 Bf8 24. Bxf8 Kxf8 25. Qh3 Qa5 26. Qh4 Kg8 27. b4 Qd5
28. Rc7 Rf8 29. Qf2 Rd8 30. Qc2 Qb5 31. a3 Rd5 32. h3 Rd8 33. Kh2 Qd5 34. Qc4
Qb5 35. Qxb5 axb5 36. Rxb7 Ra8 37. Rd7 Rxa3 38. Rxd4 Rb3 39. Kg3 Kf8 40. Kf3 Ke7
41. g4 Rb1 {Game drawn by mutual agreement} 1/2-1/2